 Dungeon Crawl Stone Soup version 0.29.0-13-gc9e81de378 (webtiles) character file.

Game seed: 18264445375460268653

181 Iusername the Trooper (level 5, 0/70 HPs)
             Began as a Minotaur Fighter on Sept 8, 2022.
             Killed from afar by an orc wizard (5 damage)
             ... with a puff of flame
             ... on level 4 of the Dungeon.
             The game lasted 00:04:08 (2894 turns).

Iusername the Trooper (Minotaur Fighter)            Turns: 2894, Time: 00:04:08

Health: 0/70       AC: 22    Str: 20    XL:     5   Next: 34%
Magic:  4/4        EV:  2    Int:  5    God:
Gold:   159        SH:  5    Dex: 12    Spells: 4/4 levels left

rFire   + . .      SeeInvis .   a - +1 long sword
rCold   + . .      Faith    .   c - +0 buckler
rNeg    . . .      Spirit   .   (body armour currently unavailable)
rPois   +          Reflect  .   (helmet currently unavailable)
rElec   +          Harm     .   (cloak currently unavailable)
rCorr   +          Rampage  .   (gloves currently unavailable)
Will    .....      NoTele   +   (boots currently unavailable)
Stlth   +.........              (no amulet)
HPRegen 0.21/turn               (no ring)
MPRegen 0.09/turn               (no ring)

@: lethally poisoned (0 -> -3), tree-form, resistant
A: stationary, stasis, torment immunity, boosted hp, (horns 2), (retaliatory
headbutt)
a: no special abilities


You were on level 4 of the Dungeon.
You were a tree.
You visited 1 branch of the dungeon, and saw 4 of its levels.

You collected 159 gold pieces.

Inventory:

Hand Weapons
 a - a +1 long sword (weapon)
Armour
 b - a +0 scale mail (melded)
 c - a +0 buckler (worn)
 j - a +0 pair of gloves (melded)
Wands
 r - a wand of roots (12)
 s - a wand of paralysis (6)
Scrolls
 d - 2 scrolls of identify
 e - 2 scrolls of magic mapping
 i - a scroll of silence
 k - a scroll of fear {unknown}
 m - a scroll of immolation {unknown}
 o - a scroll of amnesia {unknown}
 q - a scroll of blinking {unknown}
Potions
 g - a potion of flight
 h - a potion of magic
 l - a potion of cancellation {unknown}
 p - a potion of might


   Skills:
 + Level 4.6 Fighting
 + Level 4.2 Long Blades
 + Level 4.6 Armour
 + Level 1.2 Dodging
 + Level 0.1 Stealth
 + Level 4.5 Shields


You had 4 spell levels left.
You didn't know any spells.
Your spell library contained the following spells:

 Spells                   Type           Power      Damage    Failure   Level
 Necrotise                Necr           0%         1d4       56%         1
 Vampiric Draining        Necr           0%         2d6       90%         3
 Agony                    Necr           0%         N/A       100%        5


Dungeon Overview and Level Annotations

Branches:
Dungeon (4/15)
 Temple: D:4-7

Altars:
Qazlal

Shops:
D:2 [


Innate Abilities, Weirdness & Mutations

You are a tree.
Your roots penetrate the ground, keeping you stationary.
You cannot be teleported.
You are immune to unholy pain and torment.
Your maximum health is greatly increased.
Your equipment is partially melded.
((You have a pair of horns on your head.))
((You reflexively headbutt those who attack you in melee.))


Message History

The orc warrior hits you with a +4 hand axe.
* * * LOW HITPOINT WARNING * * *
It was a potion of flight.
You feel very buoyant.
You fly up into the air.
* * * LOW HITPOINT WARNING * * *
You feel sick. The orc priest closely misses you. You furiously retaliate!
You headbutt the orc priest. The orc wizard closely misses you.
The orc completely misses you. You furiously retaliate!
You headbutt the orc. The orc warrior completely misses you.
You furiously retaliate!
You headbutt the orc warrior, but do no damage.
It was a potion of lignification.
You turn into a tree.
Your +0 pair of gloves melds into your body.
Your +0 scale mail melds into your body.
Your roots penetrate the ground.
You feel sick.
The orc priest calls upon Beogh to heal the orc.
The orc's wounds heal themselves!
The orc wizard points at you and mumbles some strange words.
The magic dart hits you but does no damage.
The orc warrior hits you with a +4 hand axe.
* * * LOW HITPOINT WARNING * * *
You hit the orc but do no damage.
* * * LOW HITPOINT WARNING * * *
You feel sick.
The orc priest begins to cast a cantrip, but forgets the words!
The orc hits you but does no damage. The orc warrior completely misses you.
The orc wizard gestures wildly while chanting.
The orc wizard flickers and vanishes!
Deactivating autopickup; reactivate with Ctrl-A.
The orc priest completely misses you.
It was a potion of resistance.
You feel protected.
You feel sick.
The orc priest hits you but does no damage.
The orc hits you but does no damage.
The orc warrior hits you but does no damage.
You hear some strange, mumbled words.
A puff of flame appears from out of thin air!
The puff of flame hits you. You resist.
You die...

#.......### ##.##
#.....#....### ###.##
......###....####..#####
....... ###....#..###..#
........ ###....## ...##
#....... ###.## .....#
#........ #..##.....#
#..... #{o#.......
##♣o....... #oo.......
#......... #.........
#.#....... #.........
#......... #.........


You could see an orc warrior, 2 orc priests and an orc.

Vanquished Creatures
  Jessica (D:2)
  Terence (D:2)
  Natasha (D:3)
  3 adders (D:2)
  2 worms
  A dart slug (D:1)
  An orc (D:4)
  9 endoplasms
  4 giant cockroaches
  8 goblins
  5 hobgoblins (D:1)
  A jackal (D:2)
  4 quokkas
  8 ball pythons
  8 bats
  2 frilled lizards
  2 kobolds (D:1)
  6 rats
67 creatures vanquished.

Vanquished Creatures (others)
  A fungus (D:1)
  3 plants (D:1)
4 creatures vanquished.

Grand Total: 71 creatures vanquished

Notes
Turn   | Place    | Note
-------+----------+-------------------------------------------
     0 | D:1      | Iusername the Minotaur Fighter began the quest for the Orb.
     0 | D:1      | Reached XP level 1. HP: 19/19 MP: 0/0
   165 | D:1      | Reached XP level 2. HP: 27/27 MP: 1/1
   587 | D:1      | Found a faded altar of an unknown god.
   650 | D:1      | Reached XP level 3. HP: 29/33 MP: 2/2
   878 | D:2      | Noticed Jessica
   882 | D:2      | Killed Jessica
   888 | D:2      | Found a stormy altar of Qazlal.
  1031 | D:2      | Reached XP level 4. HP: 13/41 MP: 3/3
  1798 | D:2      | Noticed Terence
  1809 | D:2      | Killed Terence
  1835 | D:2      | Found Zeics's Antique Armour Emporium.
  2054 | D:3      | Reached skill level 1 in Dodging
  2064 | D:3      | Reached XP level 5. HP: 46/47 MP: 4/4
  2543 | D:3      | Noticed Natasha
  2550 | D:3      | Killed Natasha
  2881 | D:4      | Noticed an orc warrior
  2894 | D:4      | Killed from afar by an orc wizard

Illustrated notes

Levels and vault maps discovered:
D:1:      scummos_arrival_simple_crosswalls, layout_loops_cross,
          dreamdust_ecumenical_altar_hidden_monk_grotto
D:2:      minmay_alternating_diamond, layout_rooms, serial_shops,
          nicolae_shop_behind_doors, basic_altar, grunt_ministairs_4,
          chequers_garden, uniq_terence, uniq_jessica
D:3:      layout_basic, uniq_natasha
D:4:      layout_cave_pods, minmay_temple_entry_butterflies, serial_shops,
          nicolae_inconvenience_store, minmay_misc_feat_columns,
          nicolae_elevator_lobby_plus

Skill      XL: |  1  2  3  4  5 |
---------------+----------------+-----
Armour         | 4 |  4.6
Fighting       | 4 |  4.6
Shields        | 4 |  4.5
Long Blades    | 3 4 |  4.2
Dodging        | 1 |  1.2
Stealth        | |  0.1

Action                   |  1- 3 |  4- 6 || total
-------------------------+-------+-------++-------
Melee: Long sword        |    84 |    71 ||   155
       Headbutt          |    12 |    10 ||    22
  Use: Potion            |     1 |     4 ||     5
       Scroll            |       |     4 ||     4
Armor: Scale mail        |    50 |    41 ||    91
       Skin              |       |     5 ||     5
Dodge: Dodged            |    55 |    38 ||    93
Block: Buckler           |    29 |    23 ||    52
